 Dungeon Crawl Stone Soup version 0.30-a0-632-g346586fe48 (webtiles) character file.

Game seed: 9725466197660094751

44 tilp the Shield-Bearer (level 4, 0/38 HPs)
             Began as a Meteoran Fighter on Jan 13, 2023.
             Slain by a gnoll
             ... wielding a +1 spear of flaming
              (2 damage)
             ... on level 2 of the Dungeon.
             The game lasted 00:01:50 (389 turns).

tilp the Shield-Bearer (Meteoran Fighter)            Turns: 389, Time: 00:01:50

Health: 0/38       AC:  7    Str: 17    XL:     4   Next: 8%
Magic:  5/5        EV: 10    Int:  9    God:
Gold:   32         SH:  5    Dex: 16    Spells: 3/3 levels left

rFire   . . .      SeeInvis .    a - +0 long sword
rCold   . . .      Faith    .    c - +0 buckler
rNeg    . . .      Spirit   .    h - +0 scale mail
rPois   .          Reflect  .    (no helmet)
rElec   .          Harm     .    (no cloak)
rCorr   .          Rampage  .    (no gloves)
Will    .....                    (no boots) Stlth
                                 (no amulet)
HPRegen 0.26/turn                (no ring)
MPRegen 0.09/turn                (no ring)

@: glowing
A: sense surroundings 1, otherworldly, glowing, explore regen
a: no special abilities


You were on level 2 of the Dungeon.
You visited 1 branch of the dungeon, and saw 2 of its levels.

You collected 32 gold pieces.

Inventory:

Hand Weapons
 a - a +0 long sword (weapon)
 b - a +6 whip
Armour
 c - a +0 buckler (worn)
 h - a +0 scale mail (worn)
Scrolls
 g - a scroll of fog {unknown}
 i - 2 scrolls of fear {unknown}
 j - a scroll of identify {unknown}
Potions
 e - 4 potions of curing {unknown}
 f - a potion of heal wounds {unknown}


   Skills:
 + Level 3.5 Fighting
 + Level 2.9 Long Blades
 + Level 3.8 Armour
 * Level 2.0 Dodging
 + Level 0.6 Stealth
 + Level 3.9 Shields


You had 3 spell levels left.
You didn't know any spells.
Your spell library was empty.

Dungeon Overview and Level Annotations

Branches:
Dungeon (2/15) Zot: 789

Altars:


Innate Abilities, Weirdness & Mutations

You passively map a small area around you.
You are easily found by Zot.
You glow in the dark.
You regain HP and MP as you explore.


Message History

* * * LOW HITPOINT WARNING * * *
The gnoll attacks as you move away! The gnoll hits you but does no damage.
The gnoll attacks as you move away! The gnoll hits you but does no damage.
The gnoll attacks as you move away! The gnoll hits you but does no damage.
There is a stone staircase leading up here.
The gnoll hits you but does no damage.
You climb upwards.
There is a stone staircase leading down here.
Unknown command.
You see here a +0 robe.
There is a stone staircase leading down here.
You climb downwards.
The frilled lizard hisses angrily.
The gnoll shouts! x2
A gnoll comes into view. It is wielding a +0 club.
There is a stone staircase leading up here.
Unknown command.
You feel a little less mighty now.
You miss the frilled lizard. The frilled lizard barely misses you.
The gnoll hits you from afar with a +0 halberd.
You barely miss the frilled lizard. The frilled lizard bites you.
The gnoll hits you from afar with a +0 halberd!
* * * LOW HITPOINT WARNING * * *
The frilled lizard bites you but does no damage.
You miss the frilled lizard. The frilled lizard closely misses you.
The gnoll hits you from afar with a +1 spear of flaming.
* * * LOW HITPOINT WARNING * * *
The gnoll burns you.
* * * LOW HITPOINT WARNING * * *
You miss the frilled lizard.
The frilled lizard bites you but does no damage.
You block the gnoll's attack.
You barely miss the frilled lizard. You block the frilled lizard's attack.
You block the gnoll's attack. The gnoll hits you but does no damage.
The frilled lizard bites you but does no damage.
You hit the frilled lizard.
You kill the frilled lizard!
The gnoll hits you from afar with a +1 spear of flaming!
* * * LOW HITPOINT WARNING * * *
The gnoll burns you.
You die...

#.. ..###
#g#* # #.# .#
* #.# #.# *
#g....
#g#.##### *
#........
#####<.......
,
#.@†gg#......
, #.#####
####. #. #. *
**#. * , ,..
* , , * #. ,
* ,* * #. , *
* *


You could see 2 gnolls.

Vanquished Creatures
  A gnoll (D:2)
  An adder (D:2)
  A dart slug (D:1)
  2 endoplasms (D:1)
  A giant cockroach (D:1)
  3 goblins (D:1)
  A hobgoblin (D:1)
  A kobold (D:1)
  A quokka (D:1)
  5 ball pythons (D:1)
  A bat (D:2)
  2 frilled lizards
  6 rats
26 creatures vanquished.

Notes
Turn   | Place    | Note
-------+----------+-------------------------------------------
     0 | D:1      | tilp the Meteoran Fighter began the quest for the Orb.
     0 | D:1      | Reached XP level 1. HP: 19/19 MP: 2/2
   110 | D:1      | Reached XP level 2. HP: 26/26 MP: 3/3
   137 | D:1      | Reached skill level 1 in Dodging
   242 | D:1      | Reached XP level 3. HP: 30/31 MP: 4/4
   331 | D:2      | Reached XP level 4. HP: 13/38 MP: 5/5
   389 | D:2      | Slain by a gnoll

Illustrated notes

Levels and vault maps discovered:
D:1:      lightli_iron_boxes, layout_loops_ring, corexii_leaking_fountain
D:2:      layout_loops_ring, uniq_sigmund

Skill      XL: |  1  2  3 |
---------------+----------+-----
Dodging        | 1 2 |  2.0
Fighting       | |  3.5
Long Blades    | |  2.9
Armour         | |  3.8
Stealth        | |  0.6
Shields        | |  3.9

Action                   |  1- 3 |  4- 6 || total
-------------------------+-------+-------++-------
Melee: Long sword        |    59 |    12 ||    71
  Use: Potion            |     1 |       ||     1
Armor: Scale mail        |    26 |    13 ||    39
Dodge: Dodged            |    19 |     5 ||    24
Block: Buckler           |    16 |     8 ||    24

Table legend: (Time is in decaauts)
 A = Elapsed time spent in this place.
 B = Non-inter-level travel time spent in this place.
 C = Inter-level travel time spent in this place.
 D = Time resting spent in this place.
 E = Time spent auto-exploring this place.
 F = Levels seen in this place.
 G = Mean time per level.
                   A        B        C        D        E       F      G
               +--------+--------+--------+--------+--------+-----+--------+
         Total |    409 |    380 |     29 |      0 |      0 |   2 |  204.5 |
       Dungeon |    409 |    380 |     29 |      0 |      0 |   2 |  204.5 |
               +--------+--------+--------+--------+--------+-----+--------+

Top non-repeatable levels by time:
     D:1: 355 daAuts
     D:2: 53 daAuts
